 Dungeon Crawl Stone Soup version 0.21.1-1-g345015f (webtiles) character file.

219 tidbits the Grave Robber (level 5, 36/36 (38) HPs)
             Began as a Gnoll Necromancer on June 13, 2018.
             Was an Initiate of Cheibriados.
             Quit the game on level 7 of the Dungeon.
             The game lasted 00:12:00 (1024 turns).

tidbits the Grave Robber (Gnoll Necromancer)        Turns: 1024, Time: 00:12:00

HP:   36/36 (38)    AC:  2    Str: 11    XL:     5   Next: 96%
MP:   7/12          EV: 15    Int: 20    God:    Cheibriados [......]
Gold: 87            SH:  0    Dex: 16    Spells: 6/14 levels left

rFire    . . .     SeeInvis .   v - +0 flail
rCold    . . .     Gourm    .   (no shield)
rNeg     . . .     Faith    .   a - +0 robe
rPois    .         Spirit   .   (no helmet)
rElec    .         Reflect  .   (no cloak)
rCorr    .         Harm     .   (no gloves)
MR       .....                  (no boots)
Stlth    +++.......             (no amulet)
HPRegen  0.12/turn              (no ring)
MPRegen  0.13/turn              (no ring)

@: very slow
A: distributed training, fangs 1, strong nose
a: Bend Time, Renounce Religion


You were on level 7 of the Dungeon.
You worshipped Cheibriados.
Cheibriados was noncommittal.
You were hungry.

You visited 2 branches of the dungeon, and saw 8 of its levels.

You collected 87 gold pieces.

Inventory:

Hand Weapons
 e - a +0 club
 f - a +0 mace
 i - a +0 dagger
 j - a +0 spear
 p - a -2 short sword
 t - a +0 trident
 v - a +0 flail (weapon)
Missiles
 d - 23 stones (quivered)
 x - 11 arrows
Armour
 a - a +0 robe (worn)
 m - a +1 ring mail
Wands
 h - a wand of polymorph (19)
Scrolls
 l - a scroll of amnesia
 n - a scroll of random uselessness
 w - a scroll of enchant weapon
Potions
 k - a potion of brilliance
 o - a potion of heal wounds
 r - a potion of curing
 s - a potion of flight
Books
 b - a book of Necromancy

   Spells                             Type                      Level
   a - Pain                           Necromancy                   1
   b - Animate Skeleton               Necromancy                   1
   c - Vampiric Draining              Necromancy                   3
   d - Regeneration                   Charms/Necromancy            3
   e - Animate Dead                   Necromancy                   4
   f - Borgnjor's Vile Clutch         Necromancy/Earth             5
 q - a book of Misfortune
   (You found it on level 6 of the Dungeon)

   Spells                             Type                      Level
   a - Confusing Touch                Hexes                        1
   b - Confuse                        Hexes                        3
   c - Gell's Gravitas                Translocation                3
   d - Petrify                        Transmutation/Earth          4
   e - Metabolic Englaciation         Hexes/Ice                    5
   f - Yara's Violent Unravelling     Hexes/Transmutation          5
Comestibles
 c - 5 rations


   Skills:
 + Level 1.6 Fighting
 + Level 1.6 Short Blades
 + Level 1.6 Long Blades
 + Level 1.6 Axes
 + Level 1.6 Maces & Flails
 + Level 1.6 Polearms
 + Level 1.6 Staves
 + Level 1.6 Slings
 + Level 1.6 Bows
 + Level 1.6 Crossbows
 + Level 1.6 Throwing
 + Level 1.6 Armour
 + Level 4.8 Dodging
 + Level 4.5 Stealth
 + Level 1.6 Shields
 + Level 1.6 Unarmed Combat
 + Level 5.2 Spellcasting
 + Level 1.3 Conjurations
 + Level 1.3 Hexes
 + Level 1.3 Charms
 + Level 1.3 Summonings
 + Level 7.2 Necromancy
 + Level 1.3 Translocations
 + Level 1.3 Transmutations
 + Level 1.3 Fire Magic
 + Level 1.3 Ice Magic
 + Level 1.3 Air Magic
 + Level 1.3 Earth Magic
 + Level 1.3 Poison Magic
 + Level 1.9 Invocations
 + Level 1.6 Evocations


You had 6 spell levels left.
You knew the following spells:

 Your Spells              Type           Power        Failure   Level  Hunger
a - Pain                  Necr           ####         1%          1    None
d - Vampiric Draining     Necr           ####......   1%          3    ##.....
n - Animate Skeleton      Necr           N/A          1%          1    None
r - Regeneration          Chrm/Necr      ###.......   6%          3    ##.....


Dungeon Overview and Level Annotations

Branches:
Dungeon (7/15)             Temple (1/1) D:6

Altars:
Ashenzari
Cheibriados
Fedhas

Annotations:
D:6 Prince Ribbit


Innate Abilities, Weirdness & Mutations

Your experience applies equally to all skills.
You have very sharp teeth.
Your uncanny sense of smell can sniff out nearby items.


Message History

The crimson imp hits you but does no damage.
You hit the crimson imp but do no damage.
The crimson imp is lightly wounded.
The crimson imp closely misses you.
The crimson imp blinks!
The crimson imp disappears for a moment.
A necrophage comes into view.
Found a long sword.
You are feeling hungry.
Your skin is crawling a little less now.
You hit the necrophage. Your bite misses the necrophage.
The necrophage is lightly damaged.
The necrophage hits you!
You feel your flesh rotting away!
You hit the necrophage but do no damage.
Your bite misses the necrophage.
The necrophage is lightly damaged.
The necrophage hits you.
You feel your flesh rotting away! The necrophage hits you.
You hit the necrophage but do no damage.
Your bite misses the necrophage.
The necrophage is lightly damaged.
The necrophage barely misses you.
You barely miss the necrophage.
The necrophage is lightly damaged.
The necrophage barely misses you.
You hit the necrophage but do no damage.
The necrophage is lightly damaged.
Your skin stops crawling.
The necrophage misses you. The necrophage closely misses you.
You sock the necrophage!
The necrophage is moderately damaged.
The crimson imp puffs mist at you. The necrophage misses you.
Casting: Regeneration
Confirm with . or Enter, or press ? or * to list all spells.
Your skin crawls.
The necrophage hits you.
Unknown command.
You closely miss the necrophage.
The necrophage is moderately damaged.
The necrophage misses you.
You hit the necrophage.
The necrophage is heavily damaged.
The necrophage closely misses you. The necrophage misses you.
You barely miss the necrophage. Your bite misses the necrophage.
The necrophage is heavily damaged.
Your skin is crawling a little less now.
The necrophage hits you but does no damage.
You sock the necrophage!
The necrophage is severely damaged.
The necrophage closely misses you.
You hit the necrophage.
You destroy the necrophage!
Cheibriados appreciates the change of pace.
You hit the crimson imp but do no damage.
The crimson imp barely misses you.
The crimson imp hits you but does no damage.
You sock the crimson imp!
The crimson imp is heavily wounded.
Your skin stops crawling.
The crimson imp hits you.
Casting: Regeneration
Confirm with . or Enter, or press ? or * to list all spells.
Your skin crawls.
The crimson imp closely misses you.
You closely miss the crimson imp.
The crimson imp is heavily wounded.
The crimson imp blinks!
Your skin is crawling a little less now.
The crimson imp blinks!
Found a ration.
Your skin stops crawling.
You see here a ration.
c - 5 rations (gained 1)
The crimson imp blinks!
An ooze comes into view.
The ooze quivers.
A bullfrog comes into view.
Casting: Regeneration
Confirm with . or Enter, or press ? or * to list all spells.
Your skin crawls.
The bullfrog croaks.
Your skin is crawling a little less now.
Unknown command.
You hit the ooze.
The ooze is lightly wounded.
The ooze misses you. The ooze hits you.
A quasit comes into view.
The quasit gives a chilling moan.
You hit the ooze.
The ooze is moderately wounded.
The ooze closely misses you.
The bullfrog releases a deep croak.
You barely miss the ooze.
The ooze is moderately wounded.
Your skin stops crawling.
The ooze barely misses you.
An orc priest comes into view. It is wielding a hand axe.
The bullfrog swells and bulges.
The ooze barely misses you.
An orc warrior comes into view. It is wielding a war axe.
Okay, then.
Are you sure you want to abandon this character and quit the game? (Confirm with "yes".)

o....## .o...
....... .....#
....... .5...#
#......... #.#..#
#......... #F#..#
#......... #J#..#
#.........
#@#..####.........
#.5...............
###...............
#.#####.........
####.#...........#.
.....#.#######...#.
#..........5..'.....
#.....#.#######.....
#
#)....#.####.#####..


You could see an orc warrior (wandering), a bullfrog, a quasit, a crimson imp
and an ooze.

Vanquished Creatures
  A necrophage (D:7)
  A hound (D:6)
  2 worker ants
  A gnoll (D:1)
  A worm (D:3)
  A dart slug (D:3)
  A leopard gecko (D:2)
  6 orcs
  2 goblins
  2 hobgoblins
  3 jackals (D:1)
  A quokka (D:2)
  2 bats
  3 frilled lizards
  9 kobolds
  2 rats
38 creatures vanquished.

Notes
Turn   | Place    | Note
-------+----------+-------------------------------------------
     0 | D:1      | tidbits the Gnoll Necromancer began the quest for the Orb.
     0 | D:1      | Reached XP level 1. HP: 13/13 MP: 6/6
    77 | D:1      | Reached XP level 2. HP: 9/19 MP: 2/7
   162 | D:1      | Learned a level 1 spell: Animate Skeleton
   181 | D:2      | Found a shattered altar of Ashenzari.
   191 | D:2      | Reached XP level 3. HP: 6/25 MP: 2/9
   196 | D:2      | Learned a level 3 spell: Vampiric Draining
   200 | D:2      | Learned a level 3 spell: Regeneration
   264 | D:2      | Found a blossoming altar of Fedhas.
   273 | D:2      | Reached skill level 5 in Spellcasting
   440 | D:3      | Reached skill level 1 in Invocations
   622 | D:4      | Reached skill level 1 in Fighting
   622 | D:4      | Reached skill level 1 in Short Blades
   622 | D:4      | Reached skill level 1 in Long Blades
   622 | D:4      | Reached skill level 1 in Axes
   622 | D:4      | Reached skill level 1 in Maces & Flails
   622 | D:4      | Reached skill level 1 in Polearms
   622 | D:4      | Reached skill level 1 in Staves
   622 | D:4      | Reached skill level 1 in Slings
   622 | D:4      | Reached skill level 1 in Bows
   622 | D:4      | Reached skill level 1 in Crossbows
   622 | D:4      | Reached skill level 1 in Throwing
   622 | D:4      | Reached skill level 1 in Armour
   622 | D:4      | Reached skill level 1 in Shields
   622 | D:4      | Reached skill level 1 in Unarmed Combat
   622 | D:4      | Reached skill level 1 in Evocations
   763 | D:4      | Reached XP level 4. HP: 23/32 MP: 1/11
   776 | D:5      | Entered Level 5 of the Dungeon
   794 | D:6      | Found a staircase to the Ecumenical Temple.
   817 | D:6      | Noticed a sky beast
   820 | D:6      | Noticed Prince Ribbit
   834 | D:6      | Reached skill level 1 in Conjurations
   834 | D:6      | Reached skill level 1 in Hexes
   834 | D:6      | Reached skill level 1 in Charms
   834 | D:6      | Reached skill level 1 in Summonings
   834 | D:6      | Reached skill level 1 in Translocations
   834 | D:6      | Reached skill level 1 in Transmutations
   834 | D:6      | Reached skill level 1 in Fire Magic
   834 | D:6      | Reached skill level 1 in Ice Magic
   834 | D:6      | Reached skill level 1 in Air Magic
   834 | D:6      | Reached skill level 1 in Earth Magic
   834 | D:6      | Reached skill level 1 in Poison Magic
   859 | Temple   | Entered the Ecumenical Temple
   870 | Temple   | Became a worshipper of Cheibriados the Contemplative
   921 | D:7      | Reached XP level 5. HP: 31/37 MP: 4/12
   986 | D:7      | Noticed a necrophage
  1002 | D:7      | Killed a necrophage
  1024 | D:7      | Noticed an orc warrior
  1024 | D:7      | Quit the game

Skill      XL: |  1  2  3  4 |
---------------+-------------+-----
Spellcasting   | 5 |  5.2
Invocations    | 1 |  1.9
Fighting       | 1 |  1.6
Short Blades   | 1 |  1.6
Long Blades    | 1 |  1.6
Axes           | 1 |  1.6
Maces & Flails | 1 |  1.6
Polearms       | 1 |  1.6
Staves         | 1 |  1.6
Slings         | 1 |  1.6
Bows           | 1 |  1.6
Crossbows      | 1 |  1.6
Throwing       | 1 |  1.6
Armour         | 1 |  1.6
Shields        | 1 |  1.6
Unarmed Combat | 1 |  1.6
Evocations     | 1 |  1.6
Conjurations   | 1 |  1.3
Hexes          | 1 |  1.3
Charms         | 1 |  1.3
Summonings     | 1 |  1.3
Translocations | 1 |  1.3
Transmutations | 1 |  1.3
Fire Magic     | 1 |  1.3
Ice Magic      | 1 |  1.3
Air Magic      | 1 |  1.3
Earth Magic    | 1 |  1.3
Poison Magic   | 1 |  1.3
Dodging        | |  4.8
Stealth        | |  4.5
Necromancy     | |  7.2

Action                   |  1- 3 |  4- 6 || total
-------------------------+-------+-------++-------
Melee: Dagger            |     1 |       ||     1
       Flail             |       |    34 ||    34
 Cast: Pain              |    58 |    15 ||    73
       Vampiric Draining |     1 |     1 ||     2
       Regeneration      |       |     4 ||     4
  Use: Scroll            |     6 |     2 ||     8
       Potion            |     1 |     5 ||     6
 Stab: Sleeping          |     1 |       ||     1
Armor: Robe              |     1 |     4 ||     5
Dodge: Dodged            |     6 |    35 ||    41

Table legend:
 A = Turns spent in this place as a percentage of turns spent in the entire game.
 B = Non-inter-level travel turns spent in this place as a percentage of non-inter-level travel turns spent in the entire game.
 C = Inter-level travel turns spent in this place as a percentage of turns spent in this place.
 D = Turns resting spent in this place as a percentage of non-inter-level travel turns spent in this place.
 E = Turns spent auto-exploring this place as a percentage of non-inter-level travel turns spent in this place.
 F = Non-inter-level travel turns spent in this place divided by the number of levels of this place that you've seen.
                   A       B       C       D       E      F
               +-------+-------+-------+-------+-------+----------------------
         Total | 100.0 | 100.0 |   0.0 |   0.0 |   0.0 | 128.0
       Dungeon |  97.9 |  97.9 |   0.0 |   0.0 |   0.0 | 143.3
        Temple |   2.1 |   2.1 |   0.0 |   0.0 |   0.0 |  21.0
               +-------+-------+-------+-------+-------+----------------------

Table legend:
 A = Kills in this place as a percentage of kills in entire the game.
 B = Kills by you in this place as a percentage of kills by you in the entire game.
 C = Kills by friends in this place as a percentage of kills by friends in the entire game.
 D = Other kills in this place as a percentage of other kills in the entire game.
 E = Experience gained in this place as a percentage of experience gained in the entire game.
 F = Experience gained in this place divided by the number of levels of this place that you have seen.
                   A       B       C       D       E      F
               +-------+-------+-------+-------+-------+----------------------
         Total | 100.0 | 100.0 |   N/A |   N/A | 100.0 |  39.2
       Dungeon | 100.0 | 100.0 |   N/A |   N/A | 100.0 |  44.9
               +-------+-------+-------+-------+-------+----------------------

Vault maps used:
D:1:      lightli_arrival_farm
D:2:      evilmike_ruin_ashenzari, first_ration, dk_noncrumbling_2,
          fedhas_altar_2, uniq_sigmund
D:4:      grunt_temple_overflow_holy_war
D:5:      hangedman_abyss_or_decor_jellyfish_corner, yredelemnul_altar_generic
D:6:      old_standard_altar, nicolae_overflow_crystal_walls,
          minmay_temple_entry_statues, uniq_prince_ribbit1
Temple:   nicolae_temple_figure_eight
